 Dungeon Crawl Stone Soup version 0.22-a0-825-ga28c36f (webtiles) character file.

117 theanonym the Chopper (level 4, -2/35 HPs)
             Began as a Mummy Warper on July 24, 2018.
             Was a Follower of Ru.
             Slain by an orc
             ... wielding a cursed +0 trident
              (4 damage)
             ... on level 3 of the Dungeon.
             The game lasted 00:06:10 (3029 turns).

theanonym the Chopper (Mummy Warper)                Turns: 3029, Time: 00:06:11

Health: -2/35      AC: 11    Str: 15    XL:     4   Next: 71%
Magic:  8/8        EV:  4    Int: 12    God:    Ru [*.....]
Gold:   61         SH:  0    Dex: 11    Spells: 8/8 levels left

rFire    x . .     SeeInvis .   a - +1 hand axe
rCold    + . .     Gourm    .   (no shield)
rNeg     + + +     Faith    .   h - +0 plate armour
rPois    ∞         Spirit   .   (no helmet)
rElec    .         Reflect  .   (no cloak)
rCorr    .         Harm     .   (no gloves)
MR       .....                  d - +0 pair of boots
Stlth    ..........             (no amulet)
HPRegen  0.11/turn              (no ring)
MPRegen  0.11/turn              (no ring)

@: no status effects
A: no food or potions, fire vulnerability, cold resistance 1, negative energy
resistance 3, torment resistance, unbreathing, hated by all
a: Renounce Religion


Innate Abilities, Weirdness & Mutations

You do not eat or drink.
Your flesh is vulnerable to fire.
You are immune to poison.
Your flesh is cold resistant. (rC+)
You are immune to negative energy. (rN+++)
You are immune to unholy pain and torment.
You can survive without breathing.
You are hated by all.


   Skills:
 + Level 3.2 Fighting
 * Level 3.5 Axes
 - Level 0.7 Throwing
 - Level 0.7 Armour
 - Level 1.5 Dodging
 - Level 2.6 Spellcasting
   Level 2.4 Translocations


You had 8 spell levels left.
You didn't know any spells.
Your spell library contained the following spells:

 Spells                   Type           Power        Failure   Level  Hunger
 Teleport Other           Tloc           #.......     100%        3    N/A
 Blink                    Tloc           N/A          100%        2    N/A
 Passage of Golubria      Tloc           N/A          100%        4    N/A
 Shroud of Golubria       Chrm/Tloc      #.........   100%        2    N/A
 Gell's Gravitas          Tloc           #.........   100%        3    N/A
 Lesser Beckoning         Tloc           #.........   100%        3    N/A

Skill      XL: |  1  2  3  4 |
---------------+-------------+-----
Axes           | 2 3 |  3.5
Fighting       | 3 |  3.2
Throwing       | |  0.7
Armour         | |  0.7
Dodging        | |  1.5
Spellcasting   | |  2.6
Translocations | |  2.4

Action                   |  1- 3 |  4- 6 || total
-------------------------+-------+-------++-------
Melee: Hand axe          |   135 |    71 ||   206
Invok: Sacrifice Love    |       |     1 ||     1
  Use: Scroll            |       |     2 ||     2
Armor: Leather armour    |    37 |       ||    37
       Plate armour      |    57 |    70 ||   127
Dodge: Dodged            |    89 |    20 ||   109

Inventory:

Hand Weapons
 a - a +1 hand axe (weapon)
Missiles
 e - 5 tomahawks of dispersal (quivered)
Armour
 b - a +0 leather armour
 d - a +0 pair of boots (worn)
   (You found it on level 1 of the Dungeon)
 h - a +0 plate armour (worn)
   (You found it on level 2 of the Dungeon)
Scrolls
 c - 2 scrolls of random uselessness {unknown}
 f - a scroll of immolation {unknown}
 g - a scroll of teleportation {unknown}
 i - a scroll of identify {unknown}


You were on level 3 of the Dungeon.
You worshipped Ru.
Ru was aware of your devotion.
You were not hungry.

You visited 1 branch of the dungeon, and saw 3 of its levels.
You also visited: Sewer.

You collected 61 gold pieces.

Dungeon Overview and Level Annotations

Branches:
Dungeon (3/15)

Altars:
Ru

..######## .........#
.........#####.#
.............#.#
#........##.##.# #
#........##.##.# #.#
#........##.##.# ..
#........[..##.###.#..#
#(.......#####..@oo..#
#...............####.#
#...............#
................#
.........######.#
.........# #.#
.........# #.#
.........# ...
.........# ..#


You could see an orc wizard and an orc.

Notes
Turn   | Place    | Note
-------+----------+-------------------------------------------
     0 | D:1      | theanonym the Mummy Warper began the quest for the Orb.
     0 | D:1      | Reached XP level 1. HP: 16/16 MP: 4/4
    88 | D:1      | Reached skill level 2 in Axes
   206 | D:1      | Reached XP level 2. HP: 21/22 MP: 5/5
   928 | D:1      | Reached XP level 3. HP: 23/28 MP: 7/7
  1071 | D:1      | HP: 14/28 [hobgoblin/club (3)]
  1810 | D:2      | Reached skill level 3 in Axes
  1953 | D:2      | Noticed an ogre
  2147 | D:3      | HP: 13/28 [adder (2)]
  2152 | D:3      | HP: 11/28 [quokka (1)]
  2157 | D:3      | Reached XP level 4. HP: 10/34 MP: 8/8
  2157 | D:3      | HP: 9/34 [quokka (1)]
  2167 | D:3      | Reached skill level 3 in Fighting
  2394 | D:3      | Found a glowing drain.
  2421 | D:2      | HP: 15/35 [kobold/whip (4)]
  2430 | D:2      | Found a faded altar of an unknown god.
  2610 | D:2      | Became a worshipper of Ru the Awakened
  2624 | D:3      | Gained mutation: You are hated by all. [Ru sacrifice]
  2624 | D:3      | Reached * piety under Ru
  2669 | Sewer    | Entered a sewer
  2753 | Sewer    | Noticed a crocodile
  2771 | Sewer    | HP: 11/35 [crocodile (12)]
  3020 | D:3      | HP: 16/35 [orc wizard/puff of flame (19)]
  3025 | D:3      | HP: 8/35 [orc/trident (3)]
  3028 | D:3      | HP: 2/35 [orc/trident (3)]
  3029 | D:3      | Slain by an orc

Vanquished Creatures
  A gnoll (D:2)
  2 river rats (D:2)
  An adder (D:3)
  An ooze (D:2)
  A worm (D:3)
  5 dart slugs
  A leopard gecko (D:2)
  2 orcs (D:3)
  3 ball pythons
  4 giant cockroaches
  5 goblins
  6 hobgoblins
  2 jackals (Sewer)
  A quokka (D:3)
  5 bats
  A frilled lizard (D:3)
  13 kobolds
  4 rats
58 creatures vanquished.

Vanquished Creatures (others)
  A hobgoblin (D:3)
1 creature vanquished.

Grand Total: 59 creatures vanquished

Table legend:
 A = Turns spent in this place as a percentage of turns spent in the entire game.
 B = Non-inter-level travel turns spent in this place as a percentage of non-inter-level travel turns spent in the entire game.
 C = Inter-level travel turns spent in this place as a percentage of turns spent in this place.
 D = Turns resting spent in this place as a percentage of non-inter-level travel turns spent in this place.
 E = Turns spent auto-exploring this place as a percentage of non-inter-level travel turns spent in this place.
 F = Non-inter-level travel turns spent in this place divided by the number of levels of this place that you've seen.
                   A       B       C       D       E      F
               +-------+-------+-------+-------+-------+----------------------
         Total | 100.0 | 100.0 |   4.3 |  50.3 |  32.3 | 724.5
       Dungeon |  96.5 |  96.4 |   4.5 |  50.8 |  32.3 | 931.0
         Sewer |   3.5 |   3.6 |   0.0 |  36.2 |  30.5 | 105.0
               +-------+-------+-------+-------+-------+----------------------
